 Dungeon Crawl Stone Soup version 0.30-a0-949-g53dc5368d7 (webtiles) character file.

Game seed: 5364757369627442477

501 ytrimaz the Chopper (level 7, -4/52 HPs)
             Began as a Formicid Fighter on Mar 27, 2023.
             Was a Follower of Okawaru.
             Slain by an orc warrior
             ... wielding a +0 trident
              (7 damage)
             ... on level 5 of the Dungeon.
             The game lasted 00:03:43 (3346 turns).

ytrimaz the Chopper (Formicid Fighter)              Turns: 3346, Time: 00:03:44

Health: -4/52      AC: 11    Str: 23    XL:     7   Next: 40%
Magic:  7/7        EV: 10    Int:  7    God:    Okawaru [*.....]
Gold:   184        SH:  0    Dex: 13    Spells: 6/6 levels left

rFire   . . .      SeeInvis +    f - +1 battleaxe (elec)
rCold   + . .      Faith    .    c - +0 buckler
rNeg    . . .      Spirit   .    h - +1 ring mail {rC+}
rPois   .          Reflect  .    (helmet unavailable)
rElec   .          Rampage  .    (no cloak)
rCorr   .                        k - +2 pair of gloves
Will    .....                    p - +0 pair of boots Stlth
                                 (no amulet)
HPRegen 0.28/turn                (no ring)
MPRegen 0.10/turn                (no ring)

@: confused
A: permanent stasis, dig shafts and tunnels, antennae 3, four strong arms
a: Dig, Shaft Self, Renounce Religion, Heroism


You were on level 5 of the Dungeon.
You worshipped Okawaru.
Okawaru was aware of your devotion.
You visited 2 branches of the dungeon, and saw 6 of its levels.

You collected 184 gold pieces.


Innate Abilities, Weirdness & Mutations

You cannot be hasted, slowed, berserked, paralysed or teleported.
You can dig through walls and to a lower floor.
You have a pair of large antennae on your head. (SInv)
Your four strong arms can wield two-handed weapons with a shield.


   Skills:
 - Level 3.2 Fighting
 + Level 7.5 Axes
 - Level 3.2 Armour
 - Level 4.0 Shields
 * Level 1.1 Invocations


You had 6 spell levels left.
You didn't know any spells.
Your spell library contained the following spells:

 Spells                   Type           Power      Damage    Failure   Level
 Kiss of Death            Conj/Necr      0%         2d5       65%         1
 Sting                    Tmut/Pois      0%         1d3       65%         1
 Confusing Touch          Hex            0%         N/A       95%         3
 Dispel Undead            Necr           0%         3d6       100%        4
 Leda's Liquefaction      Hex/Erth       0%         N/A       100%        4
 Statue Form              Tmut/Erth      0%         N/A       100%        6
 Summon Guardian Golem    Hex/Summ       Unusable   N/A       N/A         3

Inventory:

Hand Weapons
 a - a +0 war axe
 f - a +1 battleaxe of electrocution (weapon)
   (You found it on level 1 of the Dungeon)
Armour
 b - a +0 scale mail
 c - a +0 buckler (worn)
 h - a +1 ring mail of cold resistance (worn)
   (You found it on level 1 of the Dungeon)
 k - a +2 pair of gloves (worn)
   (You found it on level 2 of the Dungeon)
 p - a +0 pair of boots (worn)
   (You found it on level 4 of the Dungeon)
Jewellery
 e - a ring of fire
   (You found it on level 1 of the Dungeon)
 q - the ring "Beczurgh" {Fly rF- Int+8}
   (You found it on level 4 of the Dungeon)

   [ring of flight]

   Int:       It affects your intelligence (+8).
   rF:        It makes you vulnerable to fire.
   Fly:       It grants you flight.
Wands
 o - a wand of polymorph (8)
   (You found it on level 5 of the Dungeon)
 s - a wand of acid (2)
   (You found it on level 4 of the Dungeon)
Scrolls
 g - a scroll of enchant armour
 l - 2 scrolls of enchant weapon
 r - a scroll of identify
Potions
 d - a potion of might
 i - 3 potions of mutation {unknown}
 j - 3 potions of curing
 m - a potion of lignification {unknown}
 n - a potion of heal wounds {unknown}
 t - a potion of degeneration {unknown}
 u - a potion of berserk rage {unknown}

Dungeon Overview and Level Annotations

Branches:
Dungeon (5/15) Zot: 25702  Temple (1/1) D:5 Zot: 5939

Altars:
Ashenzari
Cheibriados
Dithmenos
Fedhas
Hepliaklqana
Kikubaaqudgha
Makhleb
Okawaru
Ru
Trog
Uskayaw
Vehumet
Wu Jian
Zin
The Shining One

Shops:
D:1

* .......# #.# ... ##.###.# #.#
#.# #.# #.# #.# #.# #.###.###.#
#.# #+## #.........# #.# ##...##
#####.##### #.#### ##.....##
##.#.# #.##.## ##.......#
###....########.#...####..<......
................@o.....+.........
###....##########o).###..........
##.#.# #o)##...P.......# ###.#
#.###P.........## #.# #.#
#.P>P.#...### #.# #.#
#..P......... #.# ...
#.....#..#### #.# ..# #####....#
# #.# #..# ###..####


You could see an orc warrior, an orc wizard and an orc.


Message History

No target in view!
A jelly comes into view.
The jelly quivers.
A jelly is nearby!
A jelly is nearby!
The jelly hits you but does no damage.
You slash the jelly!
Your hands burn!
The jelly barely misses you. 😕 HP[-4]
You take 4 damage, and now have 48/52 hp.
You slash the jelly!
You kill the jelly!
Okawaru accepts your kill.
Your Invocations skill increases to level 1!
Unknown command.
No target in view! 😕 HP[+1] Key pressed, stopping explore.
Key pressed, stopping explore.
No target in view!
You sense a monster nearby. 😎 HP[+3]
Your hp is fully restored (52).
Key pressed, stopping explore.
No target in view!
An orc wizard and an orc come into view.
The orc wizard shouts!
An orc comes into view. It is wielding a +0 club.
An orc warrior comes into view. It is wielding a +0 trident.
The orc warrior shouts!
You hear a shout!
An orc comes into view. It is wielding a +0 hand axe.
There are monsters nearby!
You hit the orc but do no damage. The orc hits you but does no damage.
There are monsters nearby!
You slice the orc!!
You kill the orc!
Okawaru accepts your kill.
The orc wizard points at you and mumbles some strange words.
You are confused.
You are too confused!
You are too confused!
Unknown command.
The orc wizard barely misses you.
You bump into the rock wall.
The orc wizard closely misses you.
The orc warrior hits you with a +0 trident!
The orc completely misses you. 😕 HP[-7]
You take 7 damage, and now have 45/52 hp.
You are too confused!
The orc attacks as you move away! The orc hits you but does no damage.
The orc wizard casts a spell at you.
You easily resist.
The orc warrior closely misses you.
You bump into the rock wall.
The orc wizard gestures at you while chanting.
You are more confused.
The orc warrior hits you with a +0 trident.
The orc hits you with a +0 club. 😮 HP[-8]
You take 8 damage, and now have 37/52 hp.
You bump into the rock wall.
The orc wizard barely misses you. The orc warrior barely misses you.
The orc completely misses you.
Unknown command.
You barely miss the orc warrior. You completely miss the orc wizard.
You closely miss the orc.
The orc wizard hits you but does no damage.
The orc warrior closely misses you. The orc hits you but does no damage.
The orc barely misses you.
The orc warrior hits you with a +0 trident.
The orc wizard hits you with a +0 dagger. 😮 HP[-7]
You take 7 damage, and now have 30/52 hp.
You're too confused to move!
The orc wizard closely misses you. The orc misses you.
The orc warrior hits you with a +0 trident!
* * * LOW HITPOINT WARNING * * *
😨 HP[-10]
You take 10 damage, and now have 20/52 hp.
You slash the orc warrior! You miss the orc wizard. You slash the orc!
You kill the orc!
Okawaru accepts your kill.
The orc wizard hits you but does no damage.
The orc warrior barely misses you.
The orc wizard hits you but does no damage.
The orc warrior hits you from afar with a +0 trident!
* * * LOW HITPOINT WARNING * * *
😱 HP[-10]
You take 10 damage, and now have 10/52 hp.
Unknown command.
Unknown command.
You feel better. The orc wizard casts a spell at you.
You are confused.
The orc warrior hits you from afar with a +0 trident!
* * * LOW HITPOINT WARNING * * *
The orc completely misses you. 😱 HP[-3]
You take 3 damage, and now have 7/52 hp.
The orc hits you with a +0 hand axe.
* * * LOW HITPOINT WARNING * * *
The orc warrior hits you from afar with a +0 trident!
You die...

Skill      XL: |  1  2  3  4  5  6  7 |
---------------+----------------------+-----
Axes           | 3 4 5 6 7 |  7.5
Invocations    | 1 |  1.1
Fighting       | |  3.2
Armour         | |  3.2
Shields        | |  4.0

Action                     |  1- 3 |  4- 6 |  7- 9 || total
---------------------------+-------+-------+-------++-------
  Melee: War axe           |    28 |       |       ||    28
         Battleaxe         |    23 |   113 |    25 ||   161
Ability: Dig               |       |     1 |       ||     1
    Use: Scroll            |     1 |     6 |     2 ||     9
         Potion            |       |       |     1 ||     1
 Armour: Scale mail        |     9 |       |       ||     9
         Ring mail         |     9 |    53 |    22 ||    84
  Dodge: Dodged            |    27 |    52 |    24 ||   103
  Block: Buckler           |    14 |    27 |     6 ||    47

Levels and vault maps discovered:
D:1:      spicycebolla_arrival_xxxplode, layout_loops_ring, serial_shops,
          nicolae_shop_crystal, dreamdust_princess_corridor,
          grunt_decor_resistance
D:2:      layout_loops_cross, minmay_3d_cube
D:3:      layout_basic
D:4:      minmay_spotlight, layout_loops_corners, nzn_wu_jian_contemplation
D:5:      layout_loops_corners, minmay_temple_entry_overgrown, st_stairs_7
Temple:   nicolae_temple_ecumenical_triangle

Notes
Turn   | Place    | Note
-------+----------+-------------------------------------------
     0 | D:1      | ytrimaz the Formicid Fighter began the quest for the Orb.
     0 | D:1      | Reached XP level 1. HP: 18/18 MP: 1/1
     0 | D:1      | magus.rc [v1.9.6]
   102 | D:1      | Reached XP level 2. HP: 24/24 MP: 2/2
   182 | D:1      | Found Ralum's General Store.
   317 | D:1      | You pick up a book of Touch and begin reading...
   317 | D:1      | You add the spells Kiss of Death, Confusing Touch and
                  | Dispel Undead to your library.
   496 | D:1      | Reached skill level 3 in Axes
   735 | D:1      | Reached XP level 3. HP: 29/29 MP: 3/3
   944 | D:2      | Reached skill level 4 in Axes
   944 | D:2      | Reached XP level 4. HP: 33/35 MP: 4/4
  1639 | D:3      | Reached XP level 5. HP: 41/41 MP: 5/5
  1688 | D:3      | Reached skill level 5 in Axes
  1966 | D:3      | You fall into a shaft and drop 2 floors!
  1966 | D:5      | Entered Level 5 of the Dungeon
  2002 | D:5      | Found a staircase to the Ecumenical Temple.
  2012 | Temple   | Entered the Ecumenical Temple
  2059 | Temple   | Became a worshipper of Warmaster Okawaru
  2139 | D:4      | You add the spells Sting, Leda's Liquefaction and Statue
                  | Form to your library.
  2139 | D:4      | Got the Anthology of Execration and Permutations
  2186 | D:4      | Reached XP level 6. HP: 46/47 MP: 6/6
  2324 | D:4      | Found an ornate altar of the Wu Jian Council.
  2564 | D:4      | Noticed an ogre
  2570 | D:4      | Killed an ogre
  2571 | D:4      | Reached skill level 6 in Axes
  2729 | D:4      | Identified the ring "Beczurgh" {Fly rF- Int+8}
  2779 | D:4      | Reached XP level 7. HP: 47/52 MP: 7/7
  3088 | D:5      | Reached skill level 7 in Axes
  3093 | D:5      | Reached * piety under Okawaru
  3267 | D:5      | Reached skill level 1 in Invocations
  3344 | D:5      | HP: 10/52 [orc warrior/+0 trident (10)]
  3346 | D:5      | HP: 3/52 [orc/+0 hand axe (4)]
  3346 | D:5      | Slain by an orc warrior

Vanquished Creatures
  An ogre (D:4)
  A phantom (D:4)
  A jelly (D:5)
  A gnoll bouda (D:5)
  2 orc priests (D:3)
  7 gnolls (D:5)
  8 adders
  3 worms (D:2)
  3 dart slugs
  8 orcs
  3 ball pythons
  6 endoplasms
  4 giant cockroaches
  5 goblins
  9 hobgoblins
  2 quokkas (D:4)
  5 frilled lizards
  4 kobolds
  5 rats
78 creatures vanquished.

Table legend:
 A = Non-vault XP
 B = Vault XP
 C = Vault XP percentage of total XP
 D = Non-vault monster count
 E = Vault monster count
 F = Vault count percentage of total count
                 A         B        C        D         E       F
            +---------+---------+-------+---------+---------+-------
      Total |     692 |      24 |   3.4 |      71 |       7 |   9.0
            +---------+---------+-------+---------+---------+-------
        D:1 |      29 |       0 |   0.0 |      16 |       0 |   0.0
        D:2 |      75 |      19 |  20.2 |      16 |       5 |  23.8
        D:3 |     114 |       0 |   0.0 |      11 |       0 |   0.0
        D:4 |     274 |       5 |   1.8 |      15 |       2 |  11.8
        D:5 |     200 |       0 |   0.0 |      13 |       0 |   0.0
            +---------+---------+-------+---------+---------+-------

Illustrated notes

Table legend:
 A = Kills in this place as a percentage of kills in the entire game.
 B = Kills by you in this place as a percentage of kills by you in the entire game.
 C = Kills by friends in this place as a percentage of kills by friends in the entire game.
 D = Other kills in this place as a percentage of other kills in the entire game.
 E = Experience gained in this place as a percentage of experience gained in the entire game.
 F = Experience gained in this place divided by the number of levels of this place that you have seen.
                   A       B       C       D       E      F
               +-------+-------+-------+-------+-------+----------------------
         Total | 100.0 | 100.0 |   N/A |   N/A | 100.0 | 119.3
       Dungeon | 100.0 | 100.0 |   N/A |   N/A | 100.0 | 143.2
               +-------+-------+-------+-------+-------+----------------------

Table legend: (Time is in decaauts)
 A = Elapsed time spent in this place.
 B = Non-inter-level travel time spent in this place.
 C = Inter-level travel time spent in this place.
 D = Time resting spent in this place.
 E = Time spent auto-exploring this place.
 F = Levels seen in this place.
 G = Mean time per level.
                   A        B        C        D        E       F      G
               +--------+--------+--------+--------+--------+-----+--------+
         Total |   3433 |   3345 |     88 |    287 |   2368 |   6 |  572.2 |
       Dungeon |   3373 |   3308 |     65 |    287 |   2337 |   5 |  674.6 |
        Temple |     60 |     37 |     23 |      0 |     31 |   1 |   60.0 |
               +--------+--------+--------+--------+--------+-----+--------+

Top non-repeatable levels by time:
     D:4: 1022 daAuts
     D:1: 844 daAuts
     D:2: 787 daAuts
     D:3: 389 daAuts
     D:5: 329 daAuts
  Temple: 60 daAuts
